 Dungeon Crawl Stone Soup version bcrawl-1.20.1-3-gdcb1fc31ed (webtiles) character file.

Game seed: 12873925895789966818

2446 Revguard the Slicer (level 9, -2/66 HPs)
             Began as a Human Gladiator on Feb 1, 2020.
             Was a Follower of Cheibriados.
             Slain by an orc warrior
             ... wielding a +0 trident
              (13 damage)
             ... on level 6 of the Dungeon.
             The game lasted 00:13:19 (6279 turns).

Revguard the Slicer (Human Gladiator)               Turns: 6279, Time: 00:13:19

Health: -2/66      AC:  7    Str: 19    XL:     9   Next: 78%
Magic:  10/10      EV: 16    Int: 13    God:    Cheibriados [*.....]
Gold:   502        SH:  0    Dex: 20    Spells: 8/8 levels left

rFire    x . .     SeeInvis .   i - +2 dagger (elec)
rCold    + . .     Gourm    .   (no shield)
rNeg     . . .     Faith    .   b - +1 leather armour
rPois    .         Spirit   .   g - +2 hat
rElec    .         Reflect  .   k - +0 cloak
rCorr    .         Harm     .   (no gloves)
MR       +....                  (no boots)
Stlth    ++++......             q - amulet of inaccuracy (curse)
HPRegen  0.21/turn              o - ring of protection from magic
MPRegen  0.12/turn              w - ring of ice

@: about to teleport, very slow
A: low mp 1, strong 1
a: Bend Time, Renounce Religion


You were on level 6 of the Dungeon.
You worshipped Cheibriados.
Cheibriados was aware of your devotion.
You were not hungry.

You visited 2 branches of the dungeon, and saw 7 of its levels.

You collected 502 gold pieces.

Inventory:

Hand Weapons
 a - a +1 rapier
 i - a +2 dagger of electrocution (weapon)
Missiles
 d - 3 throwing nets {!f}
 j - 99 poisoned needles
 u - 58 javelins (quivered)
Armour
 b - a +1 leather armour (worn)
 g - a +2 hat (worn)
 k - a +0 cloak (worn)
Jewellery
 o - a ring of protection from magic (left hand)
 q - a cursed amulet of inaccuracy (around neck)
 w - a ring of ice (right hand)
Wands
 f - a wand of polymorph (7)
Scrolls
 h - 2 scrolls of enchant armour
 l - a scroll of teleportation
 n - a scroll of amnesia
 t - 3 scrolls of identify
Potions
 m - a potion of curing
 r - a potion of might
 s - a potion of flight {unknown}
Comestibles
 e - 11 rations {!d}


   Skills:
 + Level 4.4 Fighting
 + Level 8.8 Short Blades
 + Level 2.3 Throwing
 + Level 4.4 Armour
 + Level 5.5 Dodging
 * Level 7.1 Stealth
 * Level 3.8 Invocations


You had 8 spell levels left.
You didn't know any spells.
Your spell library contained the following spells:

 Spells                   Type           Power        Failure   Level  Hunger
 Magic Dart               Conj           #...         34%         1    ##.....
 Blink                    Tloc           N/A          47%         2    ###....
 Call Imp                 Summ           #.....       47%         2    ###....
 Conjure Flame            Conj/Fire      #.......     71%         3    ####...
 Mephitic Cloud           Conj/Pois/Air  #.......     71%         3    ####...
 Spider Form              Tmut/Pois      #..          71%         3    ####...


Dungeon Overview and Level Annotations

Branches:
Dungeon (6/12)             Temple (1/1) D:4

Altars:
Cheibriados
Gozag
Kikubaaqudgha
Makhleb
Nemelex Xobeh
Okawaru
Qazlal
Ru
Trog
Uskayaw
Vehumet
Wu Jian
Xom
Yredelemnul
Zin
The Shining One

Shops:
D:4 %


Innate Abilities, Weirdness & Mutations

Your magical capacity is low. (-10% MP)
Your muscles are strong. (Str +2)


Message History

You closely miss the hippogriff.
The hippogriff is severely wounded.
The orc warrior hits you but does no damage.
You hit the hippogriff.
Lightning courses through the hippogriff!
You kill the hippogriff!
Cheibriados appreciates the change of pace.
Your Stealth skill increases to level 7!
The orc warrior hits you with a +0 trident!!
* * * LOW HITPOINT WARNING * * *
The orc warrior completely misses you.
You see here a hippogriff corpse.
You hit the orc warrior but do no damage.
Lightning courses through the orc warrior!
The orc warrior is moderately wounded.
You feel better. The orc warrior closely misses you.
As you read the scroll of teleportation, it crumbles to dust.
You feel strangely unstable.
The orc warrior hits you with a +0 trident!
You die...

..........# ....
######..#.## #.....<#
##..#..#>. #.........
#######.##..#..# .#.
........# ..#...
.....#######.# ... .
.....){o@....# ##..
.....#######.##.##...
.#. #.........
#.##.###. #.# # #.#
#.# #.# ...


You could see an orc warrior.

Vanquished Creatures
  Pikel (D:4)
  A hippogriff (D:6)
  A yak (D:4)
  A hungry ghost (D:5)
  A water moccasin (D:5)
  An ice beast (D:5)
  2 sky beasts (D:4)
  An ogre (D:4)
  3 centaurs (D:5)
  A bullfrog (D:3)
  A wyvern zombie (D:5)
  A water moccasin zombie (D:3)
  A scorpion (D:4)
  A wyvern skeleton (D:6)
  2 crimson imps
  A jelly (D:5)
  Crazy Yiuf (D:4)
  2 hounds
  4 worker ants
  Ijyb (D:4)
  2 iguanas
  An orc wizard (D:4)
  A howler monkey zombie (D:3)
  3 adders
  3 gnolls (D:5)
  An ooze (D:2)
  4 worms
  3 dart slugs
  2 leopard geckos
  11 orcs
  6 giant cockroaches
  3 goblins
  8 hobgoblins
  8 jackals
  9 kobolds
  2 quokkas
  2 ball pythons
  2 bats
  A frilled lizard (D:1)
  4 rats
104 creatures vanquished.

Notes
Turn   | Place    | Note
-------+----------+-------------------------------------------
     0 | D:1      | Revguard the Human Gladiator began the quest for the Orb.
     0 | D:1      | Reached XP level 1. HP: 16/16 MP: 1/1
   191 | D:1      | Reached XP level 2. HP: 20/22 MP: 2/2
   845 | D:2      | Reached skill level 4 in Short Blades
   845 | D:2      | Reached skill level 1 in Stealth
   845 | D:2      | Reached XP level 3. HP: 15/27 MP: 3/3
   931 | D:2      | Reached XP level 4. HP: 28/33 MP: 4/4
  1322 | D:2      | Reached skill level 1 in Armour
  1872 | D:3      | Reached XP level 5. HP: 29/39 MP: 5/5
  1984 | D:3      | Noticed a bullfrog
  1994 | D:3      | Killed a bullfrog
  1994 | D:3      | Reached skill level 5 in Short Blades
  2075 | D:3      | Reached XP level 6. HP: 3/46 MP: 6/6
  2643 | D:3      | Found a stormy altar of Qazlal.
  3007 | D:4      | Noticed Ijyb
  3021 | D:4      | Killed Ijyb
  3241 | D:4      | Found a staircase to the Ecumenical Temple.
  3253 | D:4      | Reached XP level 7. HP: 50/51 MP: 7/7
  3266 | Temple   | Entered the Ecumenical Temple
  3336 | Temple   | Became a worshipper of Cheibriados the Contemplative
  3545 | D:4      | Found a sparkling altar of Nemelex Xobeh.
  3578 | D:4      | Found an ornate altar of the Wu Jian Council.
  3626 | D:4      | Found a glowing silver altar of Zin.
  3626 | D:4      | Noticed Pikel
  3631 | D:4      | Killed Pikel
  3631 | D:4      | Reached skill level 7 in Short Blades
  3631 | D:4      | Reached XP level 8. HP: 58/58 MP: 8/8
  4172 | D:4      | Found a bloodstained altar of Trog.
  4262 | D:4      | Reached skill level 5 in Stealth
  4262 | D:4      | Reached skill level 1 in Invocations
  4528 | D:4      | Noticed a yak
  4540 | D:4      | Killed a yak
  4540 | D:4      | Reached skill level 8 in Short Blades
  4737 | D:4      | Found a hide-covered altar of Uskayaw.
  4737 | D:4      | Found a bloodstained altar of Trog.
  4746 | D:4      | Reached XP level 9. HP: 65/65 MP: 10/10
  4890 | D:4      | Found a runed door.
  4894 | D:4      | Noticed Crazy Yiuf
  4906 | D:4      | Killed Crazy Yiuf
  4918 | D:4      | Gained mutation: Your magical capacity is low. (-10% MP)
                  | [potion of mutation]
  4918 | D:4      | Gained mutation: Your muscles are strong. (Str +2) [potion
                  | of mutation]
  5047 | D:4      | Found Ywed's Food Emporium.
  5110 | D:5      | Entered Level 5 of the Dungeon
  5181 | D:5      | Reached * piety under Cheibriados
  5202 | D:5      | Reached skill level 5 in Dodging
  6258 | D:6      | Noticed a hippogriff
  6275 | D:6      | Killed a hippogriff
  6279 | D:6      | Slain by an orc warrior

Skill      XL: |  1  2  3  4  5  6  7  8  9 |
---------------+----------------------------+-----
Short Blades   | 4 5 7 8 |  8.8
Stealth        | 1 2 3 4 5 7 |  7.1
Armour         | 1 2 3 4 |  4.4
Dodging        | 4 5 |  5.5
Fighting       | 3 4 |  4.4
Invocations    | 2 3 |  3.8
Throwing       | |  2.3

Action                   |  1- 3 |  4- 6 |  7- 9 || total
-------------------------+-------+-------+-------++-------
Melee: Rapier            |    44 |   204 |       ||   248
       Dagger            |       |    10 |   252 ||   262
Throw: Javelin           |       |       |    11 ||    11
  Use: Potion            |       |     6 |     5 ||    11
       Scroll            |       |     5 |     3 ||     8
 Stab: Sleeping          |       |     7 |     5 ||    12
  Eat: Chunk             |       |     7 |     6 ||    13
       Ration            |       |       |     1 ||     1
Armor: Leather armour    |    15 |    42 |    51 ||   108
       Skin              |       |     2 |       ||     2
Dodge: Dodged            |    27 |   151 |   102 ||   280
